 Dungeon Crawl Stone Soup version 0.20-a0-454-g2b43fbb (console) character file.

60 Lasty the Gusty (level 4, -4/26 HPs)
             Began as a Tengu Wanderer on Jan 9, 2017.
             Slain by a hobgoblin
             ... wielding a +0 club
             ... led by Robin
              (7 damage)
             ... on level 2 of the Dungeon.
             The game lasted 00:10:45 (2634 turns).

Lasty the Gusty (Tengu Wanderer)                    Turns: 2634, Time: 00:10:51

Health: -4/26      AC:  5    Str: 13    XL:     4   Next: 4%
Magic:  3/6        EV: 10    Int: 12    God:
Gold:   75         SH:  0    Dex: 14    Spells: 4/5 levels left

rFire  . . .     SeeInvis .     p - +0 long sword
rCold  . . .     Gourm    .     c - +0 ring mail
rNeg   . . .     Faith    .     (no shield)
rPois  .         Spirit   .     (helmet restricted)
rElec  .         Reflect  .     (no cloak)
rCorr  .         Harm     .     (no gloves)
MR     .....                    (boots unavailable)
Stlth  +.........               (no amulet)
                                (no ring)
                                (no ring)

@: about to teleport, very slightly contaminated
A: beak, talons 3
a: no special abilities


You were on level 2 of the Dungeon.
You were not hungry.

You visited 1 branch of the dungeon, and saw 2 of its levels.

You collected 75 gold pieces.


Innate Abilities, Weirdness & Mutations

You have a beak for a mouth.
You have claws for feet.


   Skills:
 - Level 2.0 Fighting
   Level 2.1 Axes
 - Level 1.1 Armour
 - Level 1.0 Spellcasting
 + Level 3.0 Conjurations
   Level 1.0 Translocations
 + Level 3.7 Air Magic
   Level 2.0 Evocations


You had 4 spell levels left.
You knew the following spells:

 Your Spells              Type           Power        Failure   Level  Hunger
a - Shock                 Conj/Air       #...         17%         1    ##.....

Inventory:

Hand Weapons
 d - a +0 club
 e - a +0 short sword
 j - a +0 hunting sling
 p - a +0 long sword (weapon)
Armour
 c - a +0 ring mail (worn)
 m - a +0 buckler
Jewellery
 i - a +4 ring of dexterity {unknown}
 r - a cursed ring of loudness {unknown}
Scrolls
 g - a scroll of teleportation {!r}
 n - a scroll of enchant armour
Books
 a - a book of Air

   Spells                             Type                      Level
   a - Shock                          Conjuration/Air              1
   b - Swiftness                      Charms/Air                   2
   c - Repel Missiles                 Charms/Air                   2
   d - Static Discharge               Conjuration/Air              3
   e - Lightning Bolt                 Conjuration/Air              5
 b - the Compendium of Poisoning

   Spells                             Type                      Level
   a - Sting                          Conjuration/Poison           1
   b - Spider Form                    Transmutation/Poison         3
Comestibles
 f - 2 bread rations {!e}
 k - 2 fruits


Message History

The goblin no longer looks unusually strong.
Robin roars a battlecry!
The goblin goes into a battle-frenzy!
Robin's bangles clink loudly.
Robin throws the goblin at you! The goblin hits you.
You closely miss the goblin.
The hobgoblin no longer looks unusually strong.
The hobgoblin misses you. The goblin hits you.
* * * LOW HITPOINT WARNING * * *
The goblin barely misses you.
The hobgoblin hits you but does no damage.
You take 2 damage.
Aiming: Shock
Aim: a goblin (unusually strong)
Okay, then.
You hit the goblin but do no damage. The goblin hits you.
* * * LOW HITPOINT WARNING * * *
The hobgoblin hits you with a club.
* * * LOW HITPOINT WARNING * * *
You take 3 damage.
Unknown command.
You closely miss the goblin. The goblin closely misses you.
The hobgoblin hits you with a club.
* * * LOW HITPOINT WARNING * * *
Robin misses you.
You take 4 damage.
Unknown command.
It was a potion of cure mutation.
It has a very clean taste.
The goblin hits you but does no damage.
The hobgoblin hits you but does no damage.
Robin closely misses you.
As you read the scroll labeled GUIRIQ CIYLED, it crumbles to dust.
It is a scroll of identify.
n - a scroll of enchant armour The goblin barely misses you.
You riposte.
You completely miss the goblin. The hobgoblin barely misses you.
Robin hits you but does no damage.
As you read the scroll labeled QIMELU CEHOOR, it crumbles to dust.
You feel blessed for a moment.
It was a scroll of remove curse.
The goblin no longer looks unusually strong.
The goblin barely misses you. The hobgoblin barely misses you.
Robin closely misses you.
As you read the scroll labeled XOPAER VYUPN, it crumbles to dust.
You feel strangely unstable.
It was a scroll of teleportation.
The goblin hits you.
* * * LOW HITPOINT WARNING * * *
Robin roars a battlecry!
The goblins go into a battle-frenzy!
The hobgoblin hits you with a club!
You die...

#### ############# #...
#######...........###.##
#.....................#
#.#...........###.##..#
#....##.###...###.##..#
##.#.##g##.#...##.##..##
#.#.##@gg........##.g..
#.#<#####.#...#####..>#
#.#.# ##...## #.g..g.
#.#.# #.g.####.#...#
#.#.# #...†..#.#...#
#.#.# #...##.#.#...# #.#
##....g......# #.#
#.###...###.# ..# #<#
#...# #.#


You could see Robin, a hobgoblin and a goblin.

Vanquished Creatures
  An ooze (D:1)
  2 worms (D:2)
  2 dart slugs (D:1)
  A leopard gecko (D:1)
  2 giant cockroaches (D:2)
  9 hobgoblins
  A ball python (D:1)
  A bat (D:1)
  4 frilled lizards (D:1)
  11 goblins
  3 kobolds (D:1)
  5 rats (D:1)
42 creatures vanquished.

Notes
Turn   | Place    | Note
-------+----------+-------------------------------------------
     0 | D:1      | Lasty the Tengu Wanderer began the quest for the Orb.
     0 | D:1      | Lasty set off with: a book of Air, the Compendium of Poisoning, a +0 ring mail, a +0 club, a bread ration {!e}
     0 | D:1      | Reached XP level 1. HP: 12/12 MP: 3/3
     0 | D:1      | Identified the Compendium of Poisoning
     2 | D:1      | Learned a level 1 spell: Shock
   382 | D:1      | Reached skill level 1 in Conjurations
   382 | D:1      | Reached skill level 2 in Air Magic
   497 | D:1      | --well, that was awful
   497 | D:1      | --killed my first monsters after ~500 turns of chasing in circles
   524 | D:1      | Reached XP level 2. HP: 17/17 MP: 2/4
   867 | D:1      | Reached skill level 2 in Conjurations
  1131 | D:1      | Reached XP level 3. HP: 21/21 MP: 1/5
  1369 | D:1      | Reached skill level 3 in Air Magic
  2079 | D:2      | HP: 6/21 [worm (6)]
  2436 | D:2      | Found an opulent altar of Gozag.
  2526 | D:2      | Reached skill level 3 in Conjurations
  2526 | D:2      | Reached XP level 4. HP: 25/26 MP: 1/6
  2527 | D:2      | Noticed Robin
  2630 | D:2      | HP: 6/26 [hobgoblin/club[Robin] (4)]
  2634 | D:2      | Slain by a hobgoblin

Vault maps used:
D:1:      dpeg_chamrin_arrival_tetris
D:2:      first_bread, grunt_gozag_statues, uniq_robin

Action                   |  1- 3 |  4- 6 || total
-------------------------+-------+-------++-------
Melee: Club              |    55 |       ||    55
       Peck              |    12 |       ||    12
       Kick              |    11 |       ||    11
       Long sword        |     2 |     4 ||     6
 Cast: Shock             |    72 |     6 ||    78
  Use: Scroll            |       |     3 ||     3
       Potion            |       |     1 ||     1
  Eat: Chunk             |     6 |       ||     6
       Bread ration      |     1 |       ||     1
Armor: Ring mail         |    33 |     9 ||    42
Dodge: Dodged            |    40 |    14 ||    54
       Rpst.: Long sword |     2 |     1 ||     3

Skill      XL: |  1  2  3 |
---------------+----------+-----
Conjurations   | 1 2 3 |  3.0
Air Magic      | 2 3 |  3.7
Fighting       | |  2.0
Axes           | |  2.1
Armour         | |  1.1
Spellcasting   | |  1.0
Translocations | |  1.0
Evocations     | |  2.0
